 Dungeon Crawl Stone Soup version 0.28-a0-1524-ge72afd5fc6 (webtiles) character file.

Game seed: 10383514808323199374

32 knot the Chopper (level 3, 27/29 HPs)
             Began as a Demonspawn Berserker on Jan 18, 2022.
             Was a Believer of Trog.
             Quit the game on level 2 of the Dungeon.
             The game lasted 00:01:21 (1441 turns).

knot the Chopper (Demonspawn Berserker)             Turns: 1441, Time: 00:01:22

Health: 27/29      AC:  5    Str: 23    XL:     3   Next: 8%
Magic:  3/3        EV: 12    Int: 10    God:    Trog [**....]
Gold:   22         SH:  0    Dex: 12    Spells: 2/2 levels left

rFire   . . .      SeeInvis .   a - +0 hand axe
rCold   . . .      Faith    .   (no shield)
rNeg    . . .      Spirit   .   b - +0 animal skin
rPois   .          Reflect  .   (no helmet)
rElec   .          Harm     .   (no cloak)
rCorr   .          Rampage  .   (no gloves)
Will    .....                   h - +0 pair of boots
Stlth   +.........              (no amulet)
HPRegen 1.09/turn               c - +6 ring of strength
MPRegen 0.08/turn               (no ring)

@: no status effects
A: icy blue scales 1, powered by death 1
a: Renounce Religion, Berserk, Trog's Hand


You were on level 2 of the Dungeon.
You worshipped Trog.
Trog was pleased with you.
You visited 1 branch of the dungeon, and saw 2 of its levels.

You collected 22 gold pieces.

Inventory:

Hand Weapons
 a - a +0 hand axe (weapon)
Missiles
 g - 35 stones (quivered)
Armour
 b - a +0 animal skin (worn)
 h - a +0 pair of boots (worn)
Jewellery
 c - a +6 ring of strength (left hand)
Scrolls
 d - a scroll of identify {unknown}
 e - a scroll of amnesia {unknown}
 f - a scroll of teleportation {unknown}


   Skills:
 - Level 3.0 Fighting
 + Level 3.9 Axes
 - Level 1.7 Armour
 - Level 1.7 Dodging


You had 2 spell levels left.
You didn't know any spells.
Your spell library was empty.

Dungeon Overview and Level Annotations

Branches:
Dungeon (2/15)

Altars:


Innate Abilities, Weirdness & Mutations

You are partially covered in icy blue scales. (AC +2)
You regenerate a little health from kills.


Message History

You are exhausted.
You feel yourself slow down.
You start resting.
You feel yourself speed up.
You start resting.
You recover from your berserk rage.
You start resting.
A giant cockroach comes into view.
A giant cockroach is nearby!
A giant cockroach is nearby!
You hit the giant cockroach.
You kill the giant cockroach!
Trog accepts your kill.
No target in view!
No target in view!
No target in view!
HP restored.
A bat comes into view.
Found 10 gold pieces.
A bat is nearby!
A bat is nearby!
The bat hits you but does no damage.
A kobold comes into view. It is wielding a +0 club.
The bat closely misses you. The bat closely misses you.
The bat hits you but does no damage. The bat closely misses you.
The bat hits you but does no damage. The bat barely misses you.
The kobold hits you but does no damage.
You hit the bat but do no damage. You hit the kobold but do no damage.
The bat closely misses you. The kobold barely misses you.
You hit the bat.
You kill the bat!
Trog accepts your kill.
You hit the kobold but do no damage. The kobold hits you with a +0 club.
You slash the kobold!
You kill the kobold!
Trog accepts your kill.
No target in view!
No target in view!
Are you sure you want to abandon this character and quit the game? (Confirm with "yes".)

####### #.#.....
###.....### ####.......
.###.........###...##.####
$..............###........
...................##.####
....###.######.....##.....
..###.......##.....#######
#......†..##.....#
...###...@...#.....# ..
####.)..#.....#
#....#.....# #....#.....#
#....# #....# #....#
#....#


There were no monsters in sight!

Vanquished Creatures
  A worm (D:2)
  A dart slug (D:1)
  3 ball pythons (D:1)
  4 bats
  An endoplasm (D:2)
  A giant cockroach (D:2)
  2 goblins (D:1)
  2 hobgoblins (D:1)
  3 kobolds
  2 quokkas (D:1)
  6 frilled lizards (D:1)
  A rat (D:1)
27 creatures vanquished.

Notes
Turn   | Place    | Note
-------+----------+-------------------------------------------
     0 | D:1      | knot the Demonspawn Berserker began the quest for the Orb.
     0 | D:1      | Reached XP level 1. HP: 18/18 MP: 1/1
   365 | D:1      | Gained mutation: You regenerate a little health from kills.
                  | [demonic ancestry]
   365 | D:1      | Reached XP level 2. HP: 21/24 MP: 2/2
  1134 | D:1      | Reached ** piety under Trog
  1333 | D:2      | Gained mutation: You are partially covered in icy blue
                  | scales. (AC +2) [demonic ancestry]
  1333 | D:2      | Reached XP level 3. HP: 20/29 MP: 3/3
  1441 | D:2      | Quit the game

Illustrated notes

Levels and vault maps discovered:
D:1:      minmay_arrival_jagged, layout_loops_ring, minmay_misc_feat_square,
          chequers_serial_rivers_room_a
D:2:      layout_basic, hellmonk_ecumenical_altar_zigzags, uniq_robin,
          uniq_crazy_yiuf_cottage, uniq_jessica

Skill      XL: |  1 |
---------------+----+-----
Axes           | 3 |  3.9
Fighting       | |  3.0
Armour         | |  1.7
Dodging        | |  1.7

Action                   || total
-------------------------++-------
Melee: Hand axe          ||    68
Invok: Berserk           ||     2
Armor: Animal skin       ||    22
Dodge: Dodged            ||    39

Table legend: (Time is in decaauts)
 A = Elapsed time spent in this place.
 B = Non-inter-level travel time spent in this place.
 C = Inter-level travel time spent in this place.
 D = Time resting spent in this place.
 E = Time spent auto-exploring this place.
 F = Levels seen in this place.
 G = Mean time per level.
                   A        B        C        D        E       F      G
               +--------+--------+--------+--------+--------+-----+--------+
         Total |   1466 |   1449 |     17 |    512 |    775 |   2 |  733.0 |
       Dungeon |   1466 |   1449 |     17 |    512 |    775 |   2 |  733.0 |
               +--------+--------+--------+--------+--------+-----+--------+

Top non-repeatable levels by time:
     D:1: 1320 daAuts
     D:2: 145 daAuts
